 Dungeon Crawl Stone Soup version 0.30.0-3-ga4e48a9924 (webtiles) character file.

Game seed: 4469575712545798992

149 jimonade the Trooper (level 5, -6/57 HPs)
             Began as an Ogre Monk on May 7, 2023.
             Mangled by a gnoll
             ... wielding a +0 halberd
              (15 damage)
             ... on level 3 of the Dungeon.
             The game lasted 00:04:14 (2593 turns).

jimonade the Trooper (Ogre Monk)                    Turns: 2593, Time: 00:04:15

Health: -6/57      AC:  3    Str: 17    XL:     5   Next: 31%
Magic:  5/5        EV: 11    Int: 11    God:
Gold:   148        SH:  0    Dex: 17    Spells: 4/4 levels left

rFire   . . .        a - +2 dagger (elec)
rCold   . . .        d - orb {light}
rNeg    . . .        e - +0 robe {Will+}
rPois   .            (helmet restricted)
rElec   .            (no cloak)
rCorr   +            (gloves unavailable)
SInv    .            (boots unavailable)
Will    +....        j - amulet of the acrobat
Stlth   +            o - ring of resist corrosion
HPRegen 0.29/turn    w - +6 ring of dexterity
MPRegen 0.09/turn

%: acrobat
@: glowing
A: large, unfitting armour, tough skin 1
a: no special abilities


You were on level 3 of the Dungeon.
You visited 1 branch of the dungeon, and saw 3 of its levels.

You collected 148 gold pieces.

Inventory:

Hand Weapons
 a - a +2 dagger of electrocution (weapon)
 l - a +0 mace
 m - a +0 dagger of flaming
Missiles
 p - 11 poisoned darts (quivered)
Armour
 d - an orb of light (worn)
 e - a +0 robe of willpower (worn)
Jewellery
 i - a ring of fire
 j - an amulet of the acrobat (around neck)
 o - a ring of resist corrosion (left hand)
 w - a +6 ring of dexterity (right hand)
Scrolls
 f - 4 scrolls of identify {unknown}
 g - a scroll of noise {unknown}
 s - 2 scrolls of teleportation {unknown}
 u - a scroll of enchant armour {unknown}
 x - a scroll of silence {unknown}
 y - a scroll of enchant weapon {unknown}
 z - 3 scrolls of acquirement {unknown}
Potions
 b - 6 potions of curing {unknown}
 c - 2 potions of ambrosia
 h - a potion of haste {unknown}
 k - 2 potions of might {unknown}
 n - a potion of mutation {unknown}
 q - a potion of degeneration {unknown}
 r - a potion of berserk rage {unknown}
 t - 2 potions of heal wounds {unknown}
 v - a potion of invisibility {unknown}
 A - 2 potions of cancellation {unknown}


   Skills:
 + Level 5.1 Fighting
 + Level 1.3 Short Blades
 - Level 3.7 Maces & Flails
 + Level 3.4 Dodging
 + Level 0.5 Stealth


You had 4 spell levels left.
You didn't know any spells.
Your spell library was empty.

Dungeon Overview and Level Annotations

Branches:
Dungeon (3/15)

Altars:

Shops:
D:1 ([


Innate Abilities, Weirdness & Mutations

You are too large for most types of armour.
You have tough skin. (AC +1)


Message History

There is a stone staircase leading up here.
HP restored.
A - an orange potion You see here a +0 robe.
You now have 148 gold pieces (gained 11).
You see here a +0 robe.
There is a stone staircase leading up here.
A - 2 orange potions (gained 1)
A kobold comes into view. It is wielding a +0 club.
The kobold shouts!
The kobold closely misses you.
You hit the kobold.
You kill the kobold!
No target in view!
Found an escape hatch in the floor.
A gnoll is nearby!
The gnoll shouts!
The gnoll hits you with a +0 halberd!
The gnoll shouts!
You hit the gnoll.
The gnoll is moderately wounded.
The gnoll hits you with a +0 halberd!
You hit the gnoll but do no damage.
The gnoll is moderately wounded.
The gnoll completely misses you. x2
You hit the gnoll.
The gnoll is heavily wounded.
The gnoll closely misses you. The gnoll hits you with a +0 halberd.
You hit the gnoll but do no damage.
The gnoll is heavily wounded.
You hit the gnoll.
The gnoll is heavily wounded.
The gnoll hits you from afar with a +0 halberd!
The gnoll hits you with a +0 halberd.
You hit the gnoll.
The gnoll is severely wounded.
The gnoll hits you from afar with a +0 halberd!
* * * LOW HITPOINT WARNING * * *
The gnoll hits you with a +0 halberd!
You die...

#<# #.# #.# ..
#.#.#####.###.# #.
##>#.....#....# #.
#.#.####.###.# #.
#.#.# #.# #.## #.
#.#.####.# #... #.
#.#......# #..#
#.##.###.#..#####....#
#..g.@....#.###...#...
#.####g.........#...#.
#.#..#####.#####.
...#........# .
######.#####.# . #.#
#.# #.# #.#


You could see 2 gnolls.

Vanquished Creatures
  4 gnolls (D:2)
  6 adders (D:2)
  3 dart slugs (D:1)
  5 ball pythons
  4 endoplasms
  2 giant cockroaches
  6 goblins
  6 hobgoblins
  6 kobolds
  2 quokkas (D:1)
  3 bats
  2 frilled lizards
  4 rats
53 creatures vanquished.

Vanquished Creatures (others)
  6 plants (D:2)
6 creatures vanquished.

Grand Total: 59 creatures vanquished

Notes
Turn   | Place    | Note
-------+----------+-------------------------------------------
     0 | D:1      | jimonade the Ogre Monk began the quest for the Orb.
     0 | D:1      | Reached XP level 1. HP: 24/24 MP: 1/1
   117 | D:1      | Reached XP level 2. HP: 32/32 MP: 2/2
   278 | D:1      | Reached XP level 3. HP: 37/40 MP: 3/3
   503 | D:1      | Found Tuarch's Weapon Boutique.
   837 | D:1      | Found Leas Tat's Armour Shop.
  1310 | D:2      | Reached XP level 4. HP: 49/49 MP: 4/4
  1339 | D:2      | Reached skill level 5 in Fighting
  1607 | D:2      | Reached XP level 5. HP: 56/57 MP: 5/5
  1733 | D:2      | Reached skill level 1 in Short Blades
  2593 | D:3      | Mangled by a gnoll

Illustrated notes

Levels and vault maps discovered:
D:1:      dpeg_arrival_shelter, layout_basic, serial_shops, shop, shop_coins
D:2:      layout_loops_ring, grunt_ministairs_14, mrwooster_statue_mirror,
          nicolae_grassy_gnolls
D:3:      layout_loops_ring, mainiacjoe_overflow_catwalk

Skill      XL: |  1  2  3  4  5 |
---------------+----------------+-----
Maces & Flails | 3 |  3.7
Dodging        | 3 |  3.4
Fighting       | 5 |  5.1
Short Blades   | 1 |  1.3
Stealth        | |  0.5

Action                     |  1- 3 |  4- 6 || total
---------------------------+-------+-------++-------
  Melee: Mace              |    53 |       ||    53
         Dagger            |    27 |    59 ||    86
 Armour: Robe              |    16 |     8 ||    24
  Dodge: Dodged            |    56 |    49 ||   105
